 Dungeon Crawl Stone Soup version 0.25-a0-110-ge29c8f2358 (webtiles) character file.

Game seed: 17494095677671885565, levelgen mode: deterministic

1801 night the Slasher (level 8, -5/61 HPs)
             Began as a Demonspawn Wanderer on Nov 19, 2019.
             Was a Believer of Cheibriados.
             Slain by an orc warrior
             ... wielding a +0 war axe
              (22 damage)
             ... on level 6 of the Dungeon.
             The game lasted 00:20:52 (6343 turns).

night the Slasher (Demonspawn Wanderer)             Turns: 6343, Time: 00:20:53

Health: -5/61      AC: 18    Str: 22    XL:     8   Next: 83%
Magic:  9/11       EV: 11    Int: 19    God:    Cheibriados [**....]
Gold:   320        SH:  6    Dex: 18    Spells: 8/12 levels left

rFire    + . .     SeeInvis .   a - +3 falchion
rCold    . . .     Gourm    .   p - +1 buckler
rNeg     . . .     Faith    .   w - +3 leather armour {rF+}
rPois    .         Spirit   .   (helmet restricted)
rElec    .         Reflect  .   (no cloak)
rCorr    .         Harm     .   (no gloves)
MR       .....                  (no boots)
Stlth    +++.......             (no amulet)
HPRegen  0.20/turn              l - +3 ring of strength
MPRegen  0.12/turn              A - +6 ring of protection

@: icy armour, very slow
A: horns 1, nightstalker 1, spiny 1
a: Bend Time, Renounce Religion


You were on level 6 of the Dungeon.
You worshipped Cheibriados.
Cheibriados was pleased with you.
You were not hungry.

You visited 1 branch of the dungeon, and saw 6 of its levels.

You collected 320 gold pieces.

Inventory:

Hand Weapons
 a - a +3 falchion (weapon)
 z - a +3 long sword of freezing
 E - a +4 dagger
Missiles
 e - 2 boomerangs (quivered)
 m - 15 sling bullets
 q - 2 javelins
 y - 12 poisoned darts
 D - 7 curare-tipped darts
Armour
 g - a +0 robe
 p - a +1 buckler (worn)
 w - a +3 leather armour of fire resistance (worn)
Jewellery
 l - a +3 ring of strength (left hand)
 x - an uncursed ring of positive energy
 A - a +6 ring of protection (right hand)
 G - a +3 ring of protection
Scrolls
 c - 2 scrolls of enchant weapon
 h - a scroll of remove curse
 i - a scroll of magic mapping
 k - 2 scrolls of identify
 o - 2 scrolls of amnesia
 r - 4 scrolls of teleportation
 u - 2 scrolls of enchant armour
Potions
 b - 4 potions of lignification
 d - a potion of agility {unknown}
 j - a potion of flight {unknown}
 n - 4 potions of brilliance
 t - a potion of invisibility {unknown}
 v - a potion of curing
 B - a potion of degeneration {unknown}
 C - a potion of berserk rage {unknown}
 F - a potion of magic {unknown}
Comestibles
 f - 8 rations
 s - 7 chunks of flesh


   Skills:
 + Level 4.3 Fighting
 + Level 5.4 Long Blades
 - Level 1.0 Throwing
 - Level 1.0 Dodging
 - Level 1.0 Stealth
 - Level 4.0 Shields
 + Level 2.5 Spellcasting
   Level 1.0 Conjurations
 + Level 4.6 Charms
   Level 1.0 Summonings
 + Level 4.0 Ice Magic
   Level 1.0 Evocations


You had 8 spell levels left.
You knew the following spells:

 Your Spells              Type           Power        Failure   Level  Hunger
a - Infusion              Chrm           ###.         2%          1    #......
b - Ozocubu's Armour      Chrm/Ice       ###.....     9%          3    ###....

Your spell library contained the following spells:

 Spells                   Type           Power        Failure   Level  Hunger


Dungeon Overview and Level Annotations

Branches:
Dungeon (6/15)             Temple (0/1) D:4

Altars:
Cheibriados
Dithmenos
Hepliaklqana
Nemelex Xobeh
Okawaru
Trog
Uskayaw
Xom

Annotations:
D:5 1 runed translucent door, DavidChitty2's ghost, amateur DEWz


Innate Abilities, Weirdness & Mutations

You have a pair of small horns on your head.
You are slightly more attuned to the shadows.
You are partially covered in sharp spines.


Message History

The orc priest calls upon Beogh to heal the orc priest.
The orc priest's wounds heal themselves!
The adder skeleton bites you but does no damage.
You block the orc priest's attack.
You closely miss the orc warrior.
The orc warrior is moderately wounded.
The orc priest calls down the wrath of Beogh upon you.
Beogh smites you!
* * * LOW HITPOINT WARNING * * *
The adder skeleton barely misses you.
You riposte.
You slash the adder skeleton!
The adder skeleton is severely damaged.
You block the orc warrior's attack.
You feel better.
The orc priest is struck by your spines.
The orc priest barely misses you.
The adder skeleton bites you but does no damage.
The orc warrior is struck by your spines.
The orc warrior hits you with a +0 war axe!!
You die...

#....# ....#
#...##############
#.............<...
###.....####........
####.oo.)#......#######
....oZ@.......###
.....#.^.####.# ...#
#...# #)# .#
########.###
#.......#######
#####.##.##.......#
#........########..
##.....### ##.##.##


You could see an orc warrior, 2 orc priests and an adder skeleton.

Vanquished Creatures
  A sky beast (D:6)
  2 ogres
  2 phantoms
  5 centaurs
  A bullfrog (D:6)
  A scorpion (D:5)
  2 howler monkeys (D:4)
  5 wights (D:6)
  2 crimson imps (D:5)
  A centaur zombie (D:5)
  A jelly (D:5)
  Jessica (D:2)
  An iguana (D:6)
  4 orc wizards
  A worker ant (D:6)
  A hound zombie (D:5)
  A worker ant zombie (D:5)
  A gnoll (D:1)
  8 adders
  3 oozes
  An adder zombie (D:6)
  4 worms
  5 dart slugs
  4 leopard geckos
  18 orcs
  12 bats
  3 giant cockroaches
  3 goblins
  8 hobgoblins
  4 jackals
  8 kobolds
  2 quokkas
  8 frilled lizards
  7 rats
131 creatures vanquished.

Notes
Turn   | Place    | Note
-------+----------+-------------------------------------------
     0 | D:1      | night the Demonspawn Wanderer began the quest for the Orb.
     0 | D:1      | night set off with the following items: a +2 falchion, a
                  | potion of lignification, a +0 robe, a ration; and the
                  | following spell memorised: Infusion; and the following
                  | spells available to memorise: Ozocubu's Armour
     0 | D:1      | Reached XP level 1. HP: 16/16 MP: 2/2
   184 | D:1      | Gained mutation: You have a pair of small horns on your
                  | head. [demonic ancestry]
   184 | D:1      | Reached XP level 2. HP: 8/22 MP: 0/3
   617 | D:1      | Reached skill level 2 in Long Blades
   617 | D:1      | Reached skill level 1 in Charms
   617 | D:1      | Reached XP level 3. HP: 19/28 MP: 4/4
   717 | D:1      | Learned a level 3 spell: Ozocubu's Armour
  1609 | D:2      | Noticed Jessica
  1610 | D:2      | Killed Jessica
  1610 | D:2      | Reached XP level 4. HP: 34/34 MP: 5/5
  2444 | D:3      | Reached skill level 1 in Shields
  2484 | D:3      | Reached skill level 3 in Long Blades
  2498 | D:2      | Gained mutation: You are partially covered in sharp spines.
                  | [demonic ancestry]
  2498 | D:2      | Reached XP level 5. HP: 5/41 MP: 1/6
  3010 | D:3      | Noticed a phantom
  3040 | D:3      | Killed a phantom
  3040 | D:3      | Reached XP level 6. HP: 20/47 MP: 4/7
  3317 | D:3      | Found a bloodstained altar of Trog.
  3445 | D:3      | Found a hide-covered altar of Uskayaw.
  3446 | D:3      | Found a snail-covered altar of Cheibriados.
  3458 | D:3      | Became a worshipper of Cheibriados the Contemplative
  3482 | D:3      | Reached skill level 1 in Ice Magic
  3899 | D:4      | Found a snail-covered altar of Cheibriados.
  4183 | D:4      | Found a staircase to the Ecumenical Temple.
  4214 | D:4      | Reached XP level 7. HP: 52/52 MP: 5/8
  4586 | D:4      | Reached * piety under Cheibriados
  4733 | D:5      | Entered Level 5 of the Dungeon
  4772 | D:5      | Noticed DavidChitty2's ghost (amateur DEWz)
  4775 | D:5      | Found a runed translucent door.
  4785 | D:5      | Reached skill level 4 in Long Blades
  5031 | D:5      | Found a shadowy altar of Dithmenos.
  5616 | D:5      | Found a shimmering altar of Xom.
  5618 | D:5      | Found a hazy altar of Hepliaklqana.
  5618 | D:5      | Noticed a hell beast
  5621 | D:5      | Noticed a spectral ugly thing
  5621 | D:5      | Noticed a hell beast
  5771 | D:6      | Gained mutation: You are slightly more attuned to the
                  | shadows. [demonic ancestry]
  5771 | D:6      | Reached XP level 8. HP: 55/58 MP: 9/9
  6121 | D:6      | Reached skill level 5 in Long Blades
  6122 | D:6      | Reached ** piety under Cheibriados
  6265 | D:6      | Found an iron altar of Okawaru.
  6290 | D:6      | Found a sparkling altar of Nemelex Xobeh.
  6343 | D:6      | Slain by an orc warrior

Levels and vault maps discovered:
D:1:      scummos_arrival_hexagon, layout_loops_ring
D:2:      layout_basic, st_stairs_9, minivault_5, minmay_pentomino_r2,
          uniq_jessica
D:3:      minmay_diamond_boxcup, layout_rooms, nicolae_overflow_crystal_walls,
          minitemple, chequers_hall_statues_corner_a, minmay_misc_feat_pillars
D:4:      layout_cave_pools, minmay_temple_entry_drinking_statues, first_ration,
          cheibriados_altar_1
D:5:      layout_gridville, regret_index_temple_of_mockery,
          nicolae_dithmenos_through_a_glass_darkly,
          hellmonk_ghost_happy_afterlife, minmay_misc_feat_encased
D:6:      layout_rooms, lemuel_crystal_altar, nemelex_xobeh_ov_fountains_minmay,
          chequers_serial_rivers_micro_e

Skill      XL: |  1  2  3  4  5  6  7  8 |
---------------+-------------------------+-----
Long Blades    | 2 3 4 5 |  5.4
Charms         | 1 2 3 4 |  4.6
Fighting       | 3 4 |  4.3
Shields        | 1 2 3 4 |  4.0
Ice Magic      | 1 3 4 |  4.0
Spellcasting   | 2 |  2.5
Throwing       | |  1.0
Dodging        | |  1.0
Stealth        | |  1.0
Conjurations   | |  1.0
Summonings     | |  1.0
Evocations     | |  1.0

Action                   |  1- 3 |  4- 6 |  7- 9 || total
-------------------------+-------+-------+-------++-------
Melee: Falchion          |    67 |   114 |   151 ||   332
       Headbutt          |    10 |    23 |    43 ||    76
Throw: Boomerang         |       |       |    19 ||    19
 Cast: Infusion          |     7 |    19 |     3 ||    29
       Ozocubu's Armour  |       |       |     7 ||     7
  Use: Scroll            |       |     8 |     4 ||    12
       Potion            |       |       |     2 ||     2
 Stab: Sleeping          |     2 |     2 |     2 ||     6
  Eat: Chunk             |     3 |     9 |     5 ||    17
Armor: Robe              |    12 |     9 |       ||    21
       Leather armour    |       |    17 |    45 ||    62
Dodge: Dodged            |    44 |    74 |    64 ||   182
Block: Buckler           |     4 |    28 |    46 ||    78
       Rpst.: Falchion   |    10 |    20 |    22 ||    52

Table legend:
 A = Non-vault XP
 B = Vault XP
 C = Vault XP percentage of total XP
 D = Non-vault monster count
 E = Vault monster count
 F = Vault count percentage of total count
                 A         B        C        D         E       F
            +---------+---------+-------+---------+---------+-------
      Total |    2501 |      73 |   2.8 |     119 |      12 |   9.2
            +---------+---------+-------+---------+---------+-------
        D:1 |      60 |       0 |   0.0 |      20 |       0 |   0.0
        D:2 |      69 |      47 |  40.5 |      16 |       6 |  27.3
        D:3 |     373 |      26 |   6.5 |      32 |       6 |  15.8
        D:4 |     276 |       0 |   0.0 |      12 |       0 |   0.0
        D:5 |     559 |       0 |   0.0 |      16 |       0 |   0.0
        D:6 |    1164 |       0 |   0.0 |      23 |       0 |   0.0
            +---------+---------+-------+---------+---------+-------
